 Dungeon Crawl Stone Soup version 0.30.0-5-g1a98f26d00 (webtiles) character file.

Game seed: 1687880923122387906

67 qeuew the Trooper (level 3, -5/29 HPs)
             Began as a Demonspawn Monk on May 8, 2023.
             Slain by a gnoll
             ... wielding a +0 spear
              (7 damage)
             ... on level 2 of the Dungeon.
             The game lasted 00:01:27 (838 turns).

qeuew the Trooper (Demonspawn Monk)                  Turns: 838, Time: 00:01:28

Health: -5/29      AC:  2    Str: 16    XL:     3   Next: 98%
Magic:  3/3        EV: 13    Int: 11    God:
Gold:   68         SH:  0    Dex: 17    Spells: 2/2 levels left

rFire   . . .        f - +2 long sword of Intense Judgement {venom, Str+5}
rCold   . . .        d - orb {light}
rNeg    . . .        b - +0 robe
rPois   .            (no helmet)
rElec   .            (no cloak)
rCorr   .            (no gloves)
SInv    .            (no boots)
Will    .....        (no amulet)
Stlth   +            (no ring)
HPRegen 0.24/turn    (no ring)
MPRegen 0.08/turn

%: no passive effects
@: glowing
A: foul stench 2
a: no special abilities


You were on level 2 of the Dungeon.
You visited 1 branch of the dungeon, and saw 2 of its levels.

You collected 68 gold pieces.

Inventory:

Hand Weapons
 f - the +2 long sword of Intense Judgement (weapon) {venom, Str+5}
   (You found it on level 2 of the Dungeon)

   Str:       It affects your strength (+5).
Armour
 b - a +0 robe (worn)
 d - an orb of light (worn)
Scrolls
 a - a scroll of fear {unknown}
 g - a scroll of enchant weapon {unknown}
Potions
 c - a potion of berserk rage
 e - a potion of haste
 i - 2 potions of cancellation


   Skills:
 + Level 3.4 Fighting
 * Level 1.2 Long Blades
 - Level 3.1 Maces & Flails
 + Level 1.2 Armour
 + Level 3.1 Dodging


You had 2 spell levels left.
You didn't know any spells.
Your spell library contained the following spells:

 Spells                   Type           Power      Damage    Failure   Level
 Beastly Appendage        Tmut           0%         N/A       34%         1
 Wereblood                Tmut           0%         N/A       47%         2
 Spider Form              Tmut/Pois      0%         N/A       71%         3


Dungeon Overview and Level Annotations

Branches:
Dungeon (2/15)

Altars:


Innate Abilities, Weirdness & Mutations

You sometimes emit foul miasma when damaged in melee.


Message History

The gnoll hits you but does no damage.
You slash the gnoll!
You kill the gnoll!
The gnoll barely misses you. x2; The gnoll misses you.
The gnoll hits you with a +0 spear. The gnoll hits you with a +0 spear!
The gnoll closely misses you.
Things that are here:
a +0 club; a gnoll corpse You slash the gnoll!
The gnoll is poisoned.
The gnoll is heavily wounded.
The gnoll barely misses you. The gnoll hits you with a +0 spear.
The gnoll closely misses you.
You hit the gnoll.
The gnoll looks as sick as possible!
The gnoll is almost dead.
You kill the gnoll!
The gnoll hits you with a +0 spear.
The gnoll hits you from afar with a +0 spear.
You are too injured to fight recklessly!
You are too injured to fight recklessly!
You are too injured to fight recklessly!
You are too injured to fight recklessly!
You are too injured to fight recklessly!
You are too injured to fight recklessly!
You are too injured to fight recklessly!
You are too injured to fight recklessly!
You are too injured to fight recklessly!
You are too injured to fight recklessly!
You are too injured to fight recklessly!
You are too injured to fight recklessly!
You are too injured to fight recklessly!
You are too injured to fight recklessly!
Unknown command.
You barely miss the gnoll. The gnoll hits you with a +0 spear.
* * * LOW HITPOINT WARNING * * *
The gnoll hits you from afar with a +0 spear.
* * * LOW HITPOINT WARNING * * *
A ball python comes into view.
The gnoll barely misses you.
The gnoll hits you from afar with a +0 spear!
You die...

#...# #.#..♣♣
....# #.##..♣♣
......#####
#.###..♣♣
........######.#
##..♣♣♣
#.............#
##....
##.###.########
##.## #.# #..#
#.# ####.### #@#
#....... #.)g#
#.###### #.#.g.
# .. ##.#. #.#
#.#S. # #.# ##
#.# ..#


You could see 2 gnolls and a ball python.

Vanquished Creatures
  2 gnolls (D:2)
  An adder (D:2)
  2 worms (D:2)
  A dart slug (D:1)
  2 bats (D:1)
  2 endoplasms (D:1)
  6 giant cockroaches
  2 goblins
  5 hobgoblins
  2 kobolds
  2 frilled lizards (D:1)
  3 rats
30 creatures vanquished.

Notes
Turn   | Place    | Note
-------+----------+-------------------------------------------
     0 | D:1      | qeuew the Demonspawn Monk began the quest for the Orb.
     0 | D:1      | Reached XP level 1. HP: 18/18 MP: 1/1
   213 | D:1      | Gained mutation: You may rarely emit foul miasma when
                  | damaged in melee. [demonic ancestry]
   213 | D:1      | Reached XP level 2. HP: 22/24 MP: 2/2
   257 | D:1      | HP: 1/24 [kobold/+0 dagger (4)]
   511 | D:2      | Identified the +2 long sword of Intense Judgement {venom,
                  | Str+5}
   537 | D:2      | Gained mutation: You sometimes emit foul miasma when
                  | damaged in melee. [demonic ancestry]
   537 | D:2      | Reached XP level 3. HP: 24/29 MP: 3/3
   657 | D:2      | Reached skill level 1 in Armour
   770 | D:2      | Reached skill level 1 in Long Blades
   838 | D:2      | Slain by a gnoll

Illustrated notes

Levels and vault maps discovered:
D:1:      minmay_arrival_widening_spiral_wide, layout_basic
D:2:      layout_loops_ring, dilly_ecumenical_altar_fadedgnrine

Skill      XL: |  1  2  3 |
---------------+----------+-----
Maces & Flails | 3 |  3.1
Dodging        | 3 |  3.1
Armour         | 1 |  1.2
Long Blades    | 1 |  1.2
Fighting       | |  3.4

Action                     || total
---------------------------++-------
  Melee: Mace              ||    41
         Long sword        ||    29
    Use: Scroll            ||     4
         Potion            ||     2
 Armour: Robe              ||    11
  Dodge: Dodged            ||    68
